 Dungeon Crawl Stone Soup version 0.29-a0-451-gfbfa42419e (webtiles) character file.

Game seed: 9466758617134714822

350 spiderkeys the Ducker (level 6, -2/32 HPs)
             Began as a Spriggan Abyssal Knight on May 20, 2022.
             Was an Elder of Lugonu.
             Succumbed to their own poison gas
             ... on level 4 of the Dungeon.
             The game lasted 00:06:58 (4937 turns).

spiderkeys the Ducker (Spriggan Abyssal Knight)     Turns: 4937, Time: 00:06:59

Health: -2/32      AC:  3    Str:  9    XL:     6   Next: 33%
Magic:  9/9        EV: 18    Int: 15    God:    Lugonu [****..]
Gold:   121        SH:  0    Dex: 12    Spells: 6/8 levels left

rFire   . . .      SeeInvis +   A - +1 dagger (venom)
rCold   + . .      Faith    .   (no shield)
rNeg    . . .      Spirit   .   b - +1 robe
rPois   .          Reflect  .   (helmet restricted)
rElec   .          Harm     .   (no cloak)
rCorr   .          Rampage  .   (gloves unavailable)
Will    +....                   (boots unavailable)
Stlth   +++.......              (no amulet)
HPRegen 0.10/turn               g - ring of Raxevak {rC+ Int+3 Dex-5 Slay+4}
MPRegen 0.11/turn               Z - ring of wizardry

@: lethally poisoned (-2 -> -14), very quick
A: very small, no large weapons, unfitting armour, see invisible, speed 3
a: Renounce Religion, Depart the Abyss, Bend Space, Banish, Corrupt


You were on level 4 of the Dungeon.
You worshipped Lugonu.
Lugonu was greatly pleased with you.
You visited 1 branch of the dungeon, and saw 4 of its levels.
You visited the Abyss 1 time.
You also visited: Sewer.

You collected 121 gold pieces.


Innate Abilities, Weirdness & Mutations

You are very small and have problems with some larger weapons.
You are too small for most types of armour.
You have supernaturally acute eyesight. (SInv)
You cover ground extremely quickly. (Speed+++)


   Skills:
 + Level 3.3 Fighting
 + Level 3.6 Short Blades
 + Level 4.8 Dodging
 + Level 4.3 Stealth
 + Level 1.8 Spellcasting
 + Level 3.1 Invocations


You had 6 spell levels left.
You knew the following spells:

 Your Spells              Type           Power      Damage    Failure   Level
X - Scorch                Fire           2%         2d5       14%         2

Your spell library contained the following spells:

 Spells                   Type           Power      Damage    Failure   Level
 Gell's Gravitas          Tloc           1%         N/A       26%         3
 Lesser Beckoning         Tloc           1%         N/A       26%         3
 Teleport Other           Tloc           1%         N/A       26%         3
 Flame Wave               Conj/Fire      1%         2d4       63%         4
 Alistair's Intoxication  Tmut/Pois      0%         N/A       91%         5
 Borgnjor's Vile Clutch   Necr/Erth      0%         N/A       91%         5
 Eringya's Noxious Bog    Tmut/Pois      0%         N/A       100%        6
 Summon Cactus Giant      Summ           0%         N/A       100%        6

Inventory:

Hand Weapons
 a - a +1 short sword
 A - a +1 dagger of venom (weapon)
   (You took it off a goblin on level 4 of the Dungeon)
Missiles
 c - 109 stones
 s - 10 poisoned darts
 v - a throwing net {=f!f}
Armour
 b - a +1 robe (worn)
 u - a +0 robe
   (You found it on level 3 of the Dungeon)
Magical Staves
 w - a staff of earth {!a}
   (You found it on level 3 of the Dungeon)
Jewellery
 g - the ring of Raxevak (left hand) {rC+ Int+3 Dex-5 Slay+4}
   (You found it on level 2 of the Dungeon)

   [ring of slaying]

   Int:       It affects your intelligence (+3).
   Dex:       It affects your dexterity (-5).
   Slay:      It affects your accuracy & damage with ranged weapons and melee
   (+4).
   rC:        It protects you from cold.
 l - a ring of willpower
   (You found it on level 2 of the Dungeon)
 Z - a ring of wizardry (right hand)
   (You found it on level 2 of the Dungeon)
Wands
 t - a wand of acid (9)
   (You found it on level 3 of the Dungeon)
Scrolls
 e - 2 scrolls of amnesia
 f - a scroll of enchant weapon
 i - a scroll of fog
 j - 4 scrolls of teleportation {@r4}
 r - a scroll of blinking {!r}
Potions
 h - 4 potions of heal wounds {@q2}
 k - a potion of mutation {unknown}
 n - a potion of berserk rage {unknown}
 p - 3 potions of flight
 x - a potion of invisibility {unknown}
 z - a potion of brilliance {unknown}

Dungeon Overview and Level Annotations

Branches:
Dungeon (4/15)              Sewer (visited)
 Temple: D:4-7

Altars:
Sif Muna

Shops:
D:4 [

Annotations:
D:3 1 runed translucent door, xian's ghost, amateur DjCK

*****#.......##########+##..#**
#.......+...............,,
#.......#..........,,...,,
#.......#.........,,,,,,,,
*****#.......#.....#.#***,,,**,
*,,....###...........####.,,**,
*,,....* #.#######....?...,,,,,
*,....,* #.#≈S§§○#........,,,,,
*,....,* #Ko≈☼@§W#........,,,,,
*,,,,,,* #.#gB§☼☼#........,,,,,
*,,,,,,* #.#######........,,,,,
*,,,,,,*##.....?...#######*,,,,
******#...........>..K...,*,,,,
#..................,*,,,,
#..................,*,,,,
#..................,+,,,,
******#..................,***,,


You could see a phantom, an adder, an orc, a giant cockroach, a hobgoblin and a
kobold (poisoned).


Message History

You see here a +0 short sword.
You enter the shallow water.
Moving in this stuff is going to be slow.
You see here a +0 short sword.
You enter the shallow water.
Moving in this stuff is going to be slow.
Key pressed, stopping explore.
You enter the shallow water.
Moving in this stuff is going to be slow.
You see here a +0 short sword.
You enter the shallow water.
Moving in this stuff is going to be slow.
Things that are here:
a +0 short sword; a kobold corpse You enter the shallow water.
Moving in this stuff is going to be slow.
Found a glowing silver altar of Zin.
h - 4 potions of heal wounds {@q2} (gained 1)
p - 2 potions of flight (gained 1)
d - a potion of curing {@q1}
p - 3 potions of flight (gained 1) Key pressed, stopping explore.
You enter the shallow water.
Moving in this stuff is going to be slow.
You enter the shallow water.
Moving in this stuff is going to be slow.
Done exploring.
Done exploring.
There is a gate leading back out of this place here.
Welcome back to the Dungeon!
The giant cockroach splashes around in the water.
There is a collapsed entrance here.
You hit the giant cockroach.
The giant cockroach is poisoned.
You kill the giant cockroach!
Lugonu accepts your kill.
As you read the scroll labelled BOTITRONWU, it crumbles to dust.
It is a scroll of enchant armour.
Your +0 robe glows green for a moment.
As you read the scroll labelled JUUB OFETE, it crumbles to dust.
You feel aware of your surroundings.
You sensed 1 altar.
It was a scroll of magic mapping.
As you read the scroll labelled VUENIU FEUDGH, it crumbles to dust.
You assume a fearsome visage.
The giant cockroach looks frightened!
The phantom is unaffected.
The orc looks frightened!
The hobgoblin looks frightened!
It was a scroll of fear.
The air fills with toxic fumes!
As you read the scroll labelled XAOLICZ GITWAS, it crumbles to dust.
It was a scroll of poison.
Cornered, the hobgoblin turns to fight!
The orc wails, "Help!"
Cornered, the orc turns to fight!
You closely miss the phantom.
Cornered, the giant cockroach turns to fight!
You hit the phantom but do no damage.
The phantom hits you but does no damage.
The adder is engulfed in poison gas.
The adder is poisoned.
The adder barely misses you.
You hit the phantom. The phantom hits you.
The adder is engulfed in poison gas.
The adder looks even sicker. 😕 HP[-5]
You take 5 damage, and now have 27/32 hp.
You barely miss the adder.
The adder is engulfed in poison gas.
The adder looks even sicker.
You kill the adder!
Lugonu accepts your kill. The phantom hits you.
The phantom blinks!
You blink.
Splash!
You fall into the shallow water.
Moving in this stuff is going to be slow.
The kobold is poisoned. 😕 HP[-1]
You take 1 damage, and now have 26/32 hp.
You are engulfed in poison gas.
You are poisoned.
You feel very sick. The adder barely misses you.
The giant cockroach closely misses you. The phantom hits you.
* * * LOW HITPOINT WARNING * * *
The phantom blinks!
You blink.
Splash! 😨 HP[-12]
You take 12 damage, and now have 14/32 hp.
MASSIVE DAMAGE!! (PAUSE)
You feel better.
You are engulfed in poison gas.
You are poisoned.
* * * LOW HITPOINT WARNING * * *
x2 You feel very sick.
The phantom hits you.
* * * LOW HITPOINT WARNING * * *
The phantom blinks!
You blink.
Splash! 😱 HP[-8]
You take 8 damage, and now have 6/32 hp.
MASSIVE DAMAGE!! (PAUSE)
The phantom attacks as you move away! The phantom hits you.
* * * LOW HITPOINT WARNING * * *
You die...

Skill      XL: |  1  2  3  4  5 |
---------------+----------------+-----
Stealth        | 1 2 3 4 |  4.3
Invocations    | 2 3 |  3.1
Dodging        | 4 |  4.8
Short Blades   | 3 |  3.6
Fighting       | 3 |  3.3
Spellcasting   | 1 |  1.8

Action                   |  1- 3 |  4- 6 || total
-------------------------+-------+-------++-------
Melee: Short sword       |    50 |       ||    50
       Dagger            |    78 |   111 ||   189
       Punch             |       |     2 ||     2
Throw: Stone             |     3 |       ||     3
       Dart              |       |     1 ||     1
Evoke: Wand              |       |     2 ||     2
  Use: Scroll            |     3 |     7 ||    10
       Potion            |       |     2 ||     2
 Stab: Sleeping          |     3 |     6 ||     9
Armor: Robe              |    10 |     7 ||    17
Dodge: Dodged            |    95 |    59 ||   154

Levels and vault maps discovered:
D:1:      matt_arrival_spirals, layout_basic
D:2:      layout_loops_ring, chequers_ecumenical_altar_simple
D:3:      layout_basic, ebering_ghost_sewer_d
D:4:      layout_gridville, mainiacjoe_overflow_tiny_flanked,
          nicolae_overflow_crystal_walls, serial_shops, shop,
          gup_sewer_entry_glass

Notes
Turn   | Place    | Note
-------+----------+-------------------------------------------
     0 | Abyss:1  | spiderkeys the Spriggan Abyssal Knight began the quest for
                  | the Orb.
     0 | Abyss:1  | Reached XP level 1. HP: 11/11 MP: 3/3
     0 | Abyss:1  | magus.rc [v1.11.3]
   210 | Abyss:1  | Found a corrupted altar of Lugonu.
   259 | Abyss:1  | Found a corrupted altar of Lugonu.
   273 | D:1      | You pass through the gate.
   273 | D:1      | Escaped the Abyss
   900 | D:1      | Reached skill level 1 in Stealth
   900 | D:1      | Reached skill level 2 in Invocations
   900 | D:1      | Reached XP level 2. HP: 11/16 MP: 4/4
  1879 | D:1      | Reached XP level 3. HP: 19/19 MP: 5/5
  1901 | D:1      | Reached skill level 2 in Stealth
  1904 | D:1      | Reached *** piety under Lugonu
  2412 | D:2      | Identified the ring of Raxevak {rC+ Int+3 Dex-5 Slay+4}
  2463 | D:2      | You pick up a book of Scorching and begin reading...
  2463 | D:2      | You add the spells Scorch, Flame Wave and Summon Cactus
                  | Giant to your library.
  2521 | D:2      | Reached XP level 4. HP: 15/23 MP: 6/6
  2649 | D:2      | Reached skill level 4 in Dodging
  2817 | D:2      | Learned a level 2 spell: Scorch
  2983 | D:2      | Found a faded altar of an unknown god.
  3064 | D:2      | You pick up a book of Displacement and begin reading...
  3064 | D:2      | You add the spells Lesser Beckoning, Gell's Gravitas and
                  | Teleport Other to your library.
  3238 | D:2      | Reached skill level 3 in Short Blades
  3773 | D:3      | Found a runed translucent door.
  3777 | D:3      | Noticed xian's ghost (amateur DjCK)
  3784 | D:3      | You add the spells Alistair's Intoxication, Borgnjor's Vile
                  | Clutch and Eringya's Noxious Bog to your library.
  4196 | D:3      | Reached skill level 3 in Stealth
  4329 | D:4      | Found a shimmering blue altar of Sif Muna.
  4363 | D:4      | Noticed an ogre
  4391 | D:4      | Killed an ogre
  4392 | D:4      | Reached skill level 3 in Fighting
  4392 | D:4      | Reached skill level 1 in Spellcasting
  4392 | D:4      | Reached XP level 5. HP: 28/28 MP: 6/8
  4496 | D:4      | Found Ogumm's Antique Armour Shop.
  4511 | D:4      | Found a glowing drain.
  4516 | D:4      | Noticed a phantom
  4568 | Sewer    | Entered a sewer
  4572 | Sewer    | Reached skill level 4 in Stealth
  4692 | Sewer    | Reached skill level 3 in Invocations
  4692 | Sewer    | Reached XP level 6. HP: 21/32 MP: 9/9
  4718 | Sewer    | Reached **** piety under Lugonu
  4882 | Sewer    | Found a glowing silver altar of Zin.
  4936 | D:4      | HP: 6/32 [phantom (3)]
  4937 | D:4      | HP: 1/32 [phantom (5)]
  4937 | D:4      | Succumbed to their own poison gas

Vanquished Creatures
  An ogre (D:4)
  A kobold brigand (Sewer)
  An iguana (D:4)
  3 gnolls (D:2)
  4 adders
  A river rat (Sewer)
  An ufetubus (D:4)
  3 dart slugs (D:1)
  An orc (D:3)
  4 ball pythons
  2 endoplasms (D:1)
  7 giant cockroaches
  8 goblins
  3 hobgoblins (D:2)
  6 jackals
  11 kobolds
  5 quokkas
  6 bats
  5 frilled lizards
  11 rats
84 creatures vanquished.

Table legend:
 A = Non-vault XP
 B = Vault XP
 C = Vault XP percentage of total XP
 D = Non-vault monster count
 E = Vault monster count
 F = Vault count percentage of total count
                 A         B        C        D         E       F
            +---------+---------+-------+---------+---------+-------
      Total |     350 |     150 |  30.0 |      68 |      16 |  19.0
            +---------+---------+-------+---------+---------+-------
        D:1 |      59 |       0 |   0.0 |      32 |       0 |   0.0
        D:2 |      78 |       0 |   0.0 |      17 |       0 |   0.0
        D:3 |      31 |       0 |   0.0 |      12 |       0 |   0.0
        D:4 |     182 |      16 |   8.1 |       7 |       2 |  22.2
      Sewer |       0 |     134 | 100.0 |       0 |      14 | 100.0
            +---------+---------+-------+---------+---------+-------

Illustrated notes

Table legend:
 A = Kills in this place as a percentage of kills in entire the game.
 B = Kills by you in this place as a percentage of kills by you in the entire game.
 C = Kills by friends in this place as a percentage of kills by friends in the entire game.
 D = Other kills in this place as a percentage of other kills in the entire game.
 E = Experience gained in this place as a percentage of experience gained in the entire game.
 F = Experience gained in this place divided by the number of levels of this place that you have seen.
                   A       B       C       D       E      F
               +-------+-------+-------+-------+-------+----------------------
         Total | 100.0 | 100.0 |   N/A |   N/A | 100.0 |  83.3
       Dungeon |  83.3 |  83.3 |   N/A |   N/A |  73.2 |  91.5
         Sewer |  16.7 |  16.7 |   N/A |   N/A |  26.8 | 134.0
               +-------+-------+-------+-------+-------+----------------------

Table legend: (Time is in decaauts)
 A = Elapsed time spent in this place.
 B = Non-inter-level travel time spent in this place.
 C = Inter-level travel time spent in this place.
 D = Time resting spent in this place.
 E = Time spent auto-exploring this place.
 F = Levels seen in this place.
 G = Mean time per level.
                   A        B        C        D        E       F      G
               +--------+--------+--------+--------+--------+-----+--------+
         Total |   3839 |   3772 |     67 |    453 |   2677 |   6 |  639.8 |
       Dungeon |   3353 |   3286 |     67 |    358 |   2405 |   4 |  838.2 |
         Abyss |    167 |    167 |      0 |      0 |    146 |   1 |  167.0 |
         Sewer |    319 |    319 |      0 |     95 |    125 |   1 |  319.0 |
               +--------+--------+--------+--------+--------+-----+--------+

Top non-repeatable levels by time:
     D:1: 1910 daAuts
     D:2: 754 daAuts
     D:3: 513 daAuts
   Sewer: 319 daAuts
     D:4: 175 daAuts
 Abyss:1: 167 daAuts
